Map: Honorgrounds LE

Players

Raphtor

  • Race: Zerg Zerg
  • League: Master
  • Spawn Location: 1:00

Railgan - Winner!

  • Race: Zerg Zerg
  • League: Master
  • Spawn Location: 7:00

VOD

Have the link to the VOD?

Description

Time

  • Played on: Feb. 25, 2017, 4:20 p.m.
  • Length: 11:55
Show
View Real Time Build Order
Export as new Build Order

Raphtor Zerg 

Build Orders: Hatch First 

Get SALT Encoding   

  12  0:00  Drone  
  13  0:13  Overlord  
  13  0:17  Drone  
  14  0:31  Drone  
  14  0:32  Drone  
  16  0:35  Drone  
  17  0:52  Hatchery  
  17  0:56  Drone  
  17  1:01  Drone  
  18  1:11  Extractor  
  18  1:15  Spawning Pool  
  18  1:18  Drone  
  17  1:21  Drone  
  18  1:29  Drone  
  19  1:39  Overlord  
  19  1:53  Drone  
  20  2:01  Queen  
  20  2:02  Zergling x2  
  20  2:04  Queen  
  20  2:05  Drone  
  26  2:12  Metabolic Boost  
  26  2:13  Drone  
  27  2:22  Drone, Zergling x2  
  29  2:27  Drone  
  30  2:36  Drone, Baneling Nest  
  30  2:42  Drone  
  31  2:52  Hatchery  
  31  2:56  Drone  
  31  2:59  Overlord  
  31  3:05  Drone x2  
  32  3:06  Drone  
  32  3:11  Drone x2  
  35  3:18  Drone x3  
  38  3:23  Zergling x4  
  40  3:34  Evolution Chamber  
  40  3:36  Roach Warren  
  40  3:38  Drone x2  
  40  3:46  Baneling x2  
  40  3:48  Drone x2, Overlord  
  42  3:53  Lair  
  42  3:56  Extractor  
  42  3:57  Drone  
  42  3:58  Drone  
  43  4:07  Drone x5  
  48  4:12  Drone  
  48  4:13  Drone  
  49  4:22  Drone x2  
  49  4:23  Drone  
  52  4:25  Drone x2  
  52  4:26  Drone x3  
  57  4:32  Drone  
  57  4:36  Zerg Missile Weapons Level 1  
  57  4:38  Overlord  
  57  4:39  Overlord  
  57  4:47  Extractor  
  56  4:53  Queen  
  56  4:56  Queen  
  56  4:58  Infestation Pit  
  58  5:01  Extractor, Zergling x14  
  64  5:10  Zergling x8  
  64  5:11  Zergling x4  
  68  5:17  Spore Crawler  
  68  5:19  Burrow  
  60  5:29  Drone x5  
  65  5:36  Pathogen Glands  
  65  5:48  Spore Crawler  
  65  5:49  Drone x3  
  68  5:50  Drone x4  
  68  5:56  Spore Crawler  
  70  6:00  Spore Crawler  
  68  6:08  Infestor x2  
  72  6:18  Queen x2  
  70  6:23  Drone x5, Overlord x2  
  72  6:35  Overlord x2  
  71  6:40  Queen  
  71  6:42  Infestor x2  
  76  6:54  Queen  
  76  6:56  Queen  
  80  7:15  Drone x2, Overlord  
  81  7:16  Drone x5, Queen  
  89  7:23  Overlord  
  89  7:27  Zerg Missile Weapons Level 2, Glial Reconstitution  
  89  7:29  Queen  
  89  7:31  Extractor  
  89  7:32  Overlord x2, Queen  
  92  7:37  Infestor x2  
  92  7:38  Infestor  
  98  7:49  Overlord x3  
  98  7:50  Overseer  
  98  8:00  Overlord  
  98  8:02  Overseer  
  98  8:10  Hive  
  98  8:11  Drone x3  
  101  8:21  Extractor  
  101  8:22  Hatchery  
  101  8:26  Evolution Chamber  
  98  8:28  Evolution Chamber  
  97  8:37  Drone x2  
  99  8:55  Zerg Melee Weapons Level 1, Zerg Ground Armor Level 1  
  99  9:00  Unknown  
  99  9:26  Adrenal Glands  
  99  9:28  Ultralisk Cavern, Zergling x20  
  99  9:29  Zergling x22  
  101  9:51  Zergling x2  
  101  9:52  Zergling x22  
  113  10:03  Hatchery  
  112  10:12  Overlord  
  112  10:13  Overlord  
  111  10:30  Chitinous Plating  
  111  10:32  Ultralisk x8  
  111  10:34  Zergling x2  
  111  10:35  Zergling x8, Queen  
  149  10:45  Ultralisk  
  154  10:53  Zergling x10  
  119  11:22  Zergling x2  
  119  11:23  Zergling x10  
Show
View Real Time Build Order
Export as new Build Order

Railgan Zerg - Winner!

Build Orders: Hatch First 

Get SALT Encoding   

  12  0:01  Drone  
  13  0:12  Overlord  
  13  0:18  Drone  
  14  0:31  Drone x2  
  14  0:35  Drone  
  17  0:46  Drone  
  18  0:57  Hatchery  
  18  0:59  Extractor  
  18  1:01  Drone  
  17  1:09  Drone  
  18  1:21  Spawning Pool  
  18  1:22  Drone  
  18  1:28  Drone  
  19  1:38  Overlord  
  19  1:49  Drone  
  20  2:07  Queen  
  22  2:08  Spine Crawler  
  22  2:09  Zergling x2  
  22  2:10  Queen  
  22  2:12  Metabolic Boost  
  24  2:17  Drone  
  26  2:22  Drone  
  26  2:23  Drone  
  27  2:33  Baneling Nest  
  27  2:34  Drone  
  27  2:41  Drone x2  
  27  2:43  Zergling x2  
  30  2:51  Overlord  
  30  2:56  Drone x2  
  32  3:04  Zergling x2  
  33  3:06  Drone  
  33  3:14  Lair  
  33  3:15  Drone x2  
  33  3:16  Drone x2  
  37  3:21  Drone x2  
  37  3:26  Overlord  
  39  3:33  Drone x2  
  39  3:34  Drone  
  42  3:38  Drone  
  42  3:40  Extractor  
  42  3:42  Extractor, Overlord  
  42  3:48  Baneling x2  
  41  3:52  Zergling x4  
  41  3:55  Drone x2  
  44  3:58  Drone x2  
  44  4:00  Drone x2  
  49  4:08  Drone x2  
  51  4:12  Extractor  
  51  4:15  Drone  
  51  4:20  Drone x2  
  51  4:21  Drone  
  51  4:22  Drone  
  55  4:24  Spire  
  55  4:25  Overlord  
  55  4:28  Drone x2  
  56  4:48  Hatchery  
  56  4:49  Zergling x8  
  56  4:51  Zergling x2  
  56  4:52  Zergling x2  
  61  4:55  Zergling x2  
  61  4:56  Zergling x6  
  61  4:58  Baneling  
  65  5:00  Overlord, Zergling x2  
  65  5:06  Zergling x2  
  63  5:38  Mutalisk x6  
  63  5:41  Overlord  
  73  5:45  Baneling x2, Mutalisk  
  73  5:47  Overlord  
  73  5:48  Zerg Flyer Weapons Level 1  
  75  5:50  Drone  
  75  5:55  Infestation Pit, Evolution Chamber, Drone  
  75  5:56  Drone  
  76  5:58  Extractor  
  75  6:08  Mutalisk  
  75  6:11  Drone x8  
  82  6:18  Mutalisk  
  82  6:23  Queen  
  82  6:24  Drone x2  
  83  6:28  Extractor  
  83  6:29  Drone x2  
  84  6:36  Mutalisk x2  
  84  6:38  Drone  
  89  6:45  Drone  
  90  6:48  Zerg Melee Weapons Level 1  
  90  6:55  Drone  
  90  6:56  Drone x2  
  90  6:58  Drone  
  90  6:59  Drone, Hive  
  90  7:01  Drone x3  
  97  7:10  Overlord  
  97  7:12  Drone  
  97  7:14  Overlord  
  97  7:15  Overlord x4  
  98  7:22  Hatchery  
  97  7:24  Pneumatized Carapace  
  97  7:32  Overlord  
  97  7:33  Overlord  
  97  7:34  Zergling x10  
  97  7:35  Zergling x2  
  101  7:46  Drone x3  
  101  7:49  Zergling x2  
  101  7:50  Zergling x6  
  108  7:54  Overseer  
  108  7:56  Hatchery, Spore Crawler  
  106  8:03  Overseer  
  106  8:07  Zergling x6  
  109  8:19  Ultralisk Cavern, Unknown  
  108  8:21  Drone x8  
  108  8:22  Zergling x2  
  108  8:23  Zergling x2  
  108  8:26  Overlord  
  118  8:33  Greater Spire  
  118  8:35  Hatchery  
  117  8:46  Zergling x4  
  117  8:47  Zergling x2  
  118  9:08  Zergling x2  
  113  9:11  Drone  
  113  9:12  Drone  
  113  9:13  Extractor  
  113  9:14  Chitinous Plating, Corruptor x3  
  113  9:15  Extractor, Corruptor x2  
  129  9:17  Ultralisk x5  
  129  9:19  Overseer, Zergling x2  
  129  9:20  Zergling x8  
  129  9:23  Zerg Melee Weapons Level 2, Unknown x2  
  149  9:41  Ultralisk  
  140  9:48  Ultralisk, Zergling x2  
  140  9:49  Zergling x16  
  140  9:51  Drone x2  
  140  9:52  Drone x3  
  159  9:55  Overlord  
  159  10:02  Baneling x6  
  161  10:07  Brood Lord  
  161  10:14  Zergling x12  
  161  10:17  Brood Lord  
  161  10:20  Zergling x16  
  172  10:25  Brood Lord  
  172  10:27  Brood Lord  
  165  10:37  Hatchery  
  165  10:42  Drone x6  
  169  10:51  Ultralisk  
  179  10:57  Ultralisk  
  179  11:02  Overlord  
  177  11:14  Zergling x2  
  177  11:15  Zergling x14  
  168  11:31  Unknown x2  
  165  11:36  Zergling x4  
  165  11:37  Drone x2  
  165  11:38  Drone x4  
Tags
 
Add a new tag
Caveats
  • Supply blocks, unpowered buildings, or Contaminate may cause inaccurate times.
  • Supply counts are checked every 10 seconds.